[Event "Team 45 45 League T75"]
[Site "Internet Chess Club"]
[Date "2018.01.12"]
[Round "4"]
[White "JPSVI"]
[Black "Goli"]
[Result "0-1"]
[WhiteElo "1382"]
[BlackElo "1681"]
[Opening "English: symmetrical, Benoni formation"]
[ECO "A31"]
[Time "04:02:22"]
[TimeControl "2700+45"]

1. d4 Nf6 2. c4 c5 3. Nf3 cxd4 4. Nxd4 g6 5. g3 Bg7 6. Bg2 Nc6 7. Nf3 d6 8. Nc3
O-O 9. O-O Be6 10. Nd5 Rc8 11. Ng5 Bxd5 12. cxd5 Nb4 13. Bd2 Nbxd5 14. Qb3 Nb6
15. Bxb7 Rb8 16. Qf3 h6 17. Nh3 Qd7 18. Bc6 Qxh3 {White resigns} 0-1

[Event "Team 45 45 League T75"]
[Site "Internet Chess Club"]
[Date "2018.01.14"]
[Round "4"]
[White "AVEMARIA"]
[Black "fireball"]
[Result "1-0"]
[WhiteElo "1619"]
[BlackElo "1597"]
[Opening "French: Chigorin variation"]
[ECO "C00"]
[Time "15:05:04"]
[TimeControl "2700+45"]

1. e4 e6 2. Qe2 Nf6 3. g3 Bc5 4. c3 O-O 5. d4 Bb6 6. Bg2 d5 7. e5 Nfd7 8. Nf3 h6
9. O-O c5 10. Na3 cxd4 11. cxd4 Nc6 12. Be3 f6 13. exf6 Nxf6 14. Nc2 Bc7 15.
Rad1 Ng4 16. Bc1 e5 17. dxe5 Ngxe5 18. Nxe5 Bxe5 19. Bxd5+ Kh8 20. Bxc6 Qc7 21.
Ba4 a6 22. Ne3 Bh3 23. Ng2 b5 24. Bb3 Rae8 25. Qh5 Qc8 26. Nh4 Bf5 27. Bxh6 Bg4
28. Ng6+ Kh7 29. Nxf8+ Rxf8 30. Qxe5 gxh6 31. Qe7+ Kh8 32. Rc1 Qa8 33. Rc7
{Black resigns} 1-0

[Event "Team 45 45 League T75"]
[Site "Internet Chess Club"]
[Date "2018.01.14"]
[Round "4"]
[White "Skeptic1972"]
[Black "julesraider"]
[Result "0-1"]
[WhiteElo "1443"]
[BlackElo "1525"]
[Opening "Caro-Kann: classical, Spassky variation"]
[ECO "B19"]
[Time "14:30:23"]
[TimeControl "2700+45"]

1. e4 c6 2. d4 d5 3. Nc3 dxe4 4. Nxe4 Bf5 5. Ng3 Bg6 6. h4 h6 7. Nf3 Nd7 8. h5
Bh7 9. Bd3 Bxd3 10. Qxd3 e6 11. Bd2 Ngf6 12. O-O-O Be7 13. Qe2 O-O 14. Rhe1 b5
15. Ne5 Qb6 16. Be3 Qa5 17. Kb1 Qc7 18. Bf4 Nd5 19. Qg4 Nxf4 20. Qxf4 Nf6 21.
Ng6 Bd6 22. Ne5 a5 23. Qf3 c5 24. Ne4 Nxe4 25. Qxe4 cxd4 26. Rxd4 Rac8 27. Nf3
Bc5 28. Rd2 a4 29. g4 a3 30. b3 Qa5 31. g5 Qc3 32. Qe5 Qxf3 33. gxh6 Qf6 34.
hxg7 Qxg7 35. Rd3 Qxe5 36. Rxe5 Rfd8 37. Rxd8+ Rxd8 38. Rg5+ Kh7 39. Kc1 Bxf2
40. Rxb5 Be3+ 41. Kb1 Rd1# {White checkmated} 0-1

[Event "Team 45 45 League T75"]
[Site "Internet Chess Club"]
[Date "2018.01.12"]
[Round "4"]
[White "elessar"]
[Black "kwen2008"]
[Result "0-1"]
[WhiteElo "1603"]
[BlackElo "1505"]
[Opening "Queen's pawn: London system"]
[ECO "A45"]
[Time "18:31:20"]
[TimeControl "2700+45"]

1. d4 Nf6 2. Bf4 g6 3. Nc3 Bg7 4. e4 d6 5. Qd2 O-O 6. Bh6 Re8 7. Bxg7 Kxg7 8.
O-O-O Nbd7 9. h4 c5 10. h5 cxd4 11. Qxd4 Ne5 12. hxg6 Nxg6 13. f3 Qa5 14. Qd2
Kg8 15. Qh6 Be6 16. Kb1 a6 17. Nd5 Bxd5 18. exd5 Qb4 19. Qd2 Qxd2 20. Rxd2 Nf4
21. Bc4 Rac8 22. Bb3 Rc5 23. Nh3 N4xd5 24. Ng5 Rf8 25. Ne4 Nxe4 26. Rxd5 Rxd5
27. Bxd5 Nc5 28. b4 e6 29. bxc5 exd5 30. cxd6 Rd8 31. Rd1 Rxd6 32. c4 Rb6+ 33.
Kc2 dxc4 34. Kc3 Rg6 35. Rd2 b5 36. a4 Rg5 37. axb5 axb5 38. g4 Kg7 39. Rd6 f6
40. Rd1 Kg6 41. Kd4 Re5 42. Rf1 Re8 43. Rb1 Rb8 44. f4 h5 45. gxh5+ Kxh5 46. Rg1
b4 47. Kxc4 b3 48. Kd4 b2 49. Rb1 Kg4 50. f5 Kxf5 51. Rf1+ Ke6 52. Re1+ Kf7 53.
Rb1 f5 54. Kc3 f4 55. Kc2 Kf6 56. Rf1 b1=Q+ 57. Rxb1 Rxb1 58. Kxb1 Kf5 59. Kc1
Kg4 60. Kd1 Kg3 61. Ke1 Kg2 {White resigns} 0-1

[Event "Team 45 45 League T75"]
[Site "Internet Chess Club"]
[Date "2018.01.11"]
[Round "4"]
[White "dinosaurchess"]
[Black "Constrictor"]
[Result "0-1"]
[WhiteElo "1355"]
[BlackElo "1561"]
[Opening "Sicilian: Nimzovich-Rubinstein variation"]
[ECO "B29"]
[Time "19:46:24"]
[TimeControl "2700+45"]

1. e4 c5 2. Nf3 Nf6 3. Nc3 Nc6 4. d4 d5 5. exd5 Nxd5 6. Nxd5 Qxd5 7. Be3 cxd4 8.
Nxd4 e5 9. Nxc6 Qxc6 10. b3 Bf5 11. c4 Bb4+ 12. Bd2 Rd8 13. Bxb4 Rxd1+ 14. Rxd1
f6 15. Rd6 Qe4+ 16. Kd1 Qb1+ 17. Ke2 Qxa2+ 18. Ke1 Qxb3 19. Bc5 b6 20. Be2 Qc3+
21. Rd2 bxc5 22. h3 Ke7 23. Kd1 Qa1# {White checkmated} 0-1

[Event "Team 45 45 League T75"]
[Site "Internet Chess Club"]
[Date "2018.01.14"]
[Round "4"]
[White "Gilguli"]
[Black "skywise"]
[Result "0-1"]
[WhiteElo "1330"]
[BlackElo "1592"]
[Opening "Grünfeld: Grünfeld gambit"]
[ECO "D83"]
[Time "16:14:27"]
[TimeControl "2700+45"]

1. d4 Nf6 2. c4 g6 3. Nc3 d5 4. Bf4 Bg7 5. e3 O-O 6. Qc2 Nc6 7. Bd3 Nb4 8. Qd2
Nxd3+ 9. Qxd3 Bf5 10. Qd2 dxc4 11. Nge2 Ne4 12. Nxe4 Bxe4 13. O-O c5 14. Rfd1
cxd4 15. exd4 Qb6 16. Rac1 Bd3 17. Be3 Rfd8 18. Nf4 Bxd4 19. Nxd3 cxd3 20. Bxd4
Qxd4 21. Qc3 Qxc3 22. Rxc3 Rac8 23. f3 Rxc3 24. bxc3 f5 25. Kf2 f4 26. g3 g5 27.
Ke1 Kf7 28. Kd2 h5 29. gxf4 gxf4 30. Rb1 b6 31. Rb4 e5 32. Rc4 Ke7 33. Rc7+ Rd7
34. Rc6 Rd6 35. Rc8 Rd8 36. Rxd8 Kxd8 37. Kxd3 Kd7 38. Ke4 Ke6 39. a3 b5 40. h3
h4 41. Kd3 Kd5 42. a4 bxa4 43. c4+ Kc5 44. Kc3 a3 45. Kb3 a2 46. Kxa2 Kxc4 47.
Kb1 Kc3 {White resigns} 0-1

[Event "Team 45 45 League T75"]
[Site "Internet Chess Club"]
[Date "2018.01.14"]
[Round "4"]
[White "idjit"]
[Black "armand068new"]
[Result "0-1"]
[WhiteElo "1616"]
[BlackElo "1733"]
[Opening "Sicilian: closed"]
[ECO "B23"]
[Time "11:01:35"]
[TimeControl "2700+45"]

1. e4 c5 2. Nc3 e6 3. f4 d5 4. Bb5+ Nc6 5. Bxc6+ bxc6 6. Nf3 d4 7. Ne2 Nf6 8. d3
Be7 9. O-O O-O 10. b3 Bb7 11. Qe1 a5 12. a4 Nd7 13. Bd2 f6 14. Ng3 Re8 15. f5 e5
16. Nh5 Bd6 17. Qg3 Re7 18. Bh6 Qf8 19. Nd2 Ba6 20. Nf3 Kh8 21. Bd2 Qe8 22. Qg4
c4 23. bxc4 Bb4 24. Rad1 c5 25. Nh4 Bxd2 26. Rxd2 Rb8 27. Rf3 Rb1+ 28. Kf2 Nf8
29. Rh3 Bc8 30. Rg3 Qxa4 31. Nxf6 Qa1 {White resigns} 0-1

[Event "Team 45 45 League T75"]
[Site "Internet Chess Club"]
[Date "2018.01.13"]
[Round "4"]
[White "Demachaeron"]
[Black "Andressa"]
[Result "1-0"]
[WhiteElo "1641"]
[BlackElo "1417"]
[Opening "Nimzo-Indian: 4.e3 e8g8, 5.Nf3 d7d5"]
[ECO "E51"]
[Time "17:08:12"]
[TimeControl "2700+45"]

1. d4 d5 2. c4 e6 3. Nc3 Nf6 4. Nf3 Bb4 5. e3 O-O 6. Bd2 Bxc3 7. Bxc3 Nbd7 8.
Qc2 Ne4 9. Bb4 c5 10. dxc5 Ndxc5 11. Be2 Qb6 12. Ba3 Rd8 13. O-O a5 14. Rfd1 Qc6
15. Nd4 Qc7 16. f3 Nf6 17. cxd5 Rxd5 18. Nb5 Qb6 19. Rxd5 Nxd5 20. Qxc5 Qxc5 21.
Bxc5 b6 22. Bd4 Nb4 23. a3 Nd5 24. Rc1 Ba6 25. Kf2 h6 26. g3 Bb7 27. Nd6 Rb8 28.
Nxb7 Rxb7 29. Rc8+ Kh7 30. Bd3+ g6 31. Rh8# {Black checkmated} 1-0

[Event "Team 45 45 League T75"]
[Site "Internet Chess Club"]
[Date "2018.01.14"]
[Round "4"]
[White "guyd52"]
[Black "Bizzy-Ketty"]
[Result "0-1"]
[WhiteElo "1301"]
[BlackElo "1578"]
[Opening "Rï¿½ti opening"]
[ECO "A05"]
[Time "19:00:57"]
[TimeControl "2700+45"]

1. Nf3 Nf6 2. g3 d5 3. Bg2 c6 4. d3 Bg4 5. O-O Nbd7 6. Nbd2 e5 7. e4 Bd6 8. a3
O-O 9. b4 a5 10. Bb2 axb4 11. Qc1 Re8 12. Ne1 Be2 13. exd5 cxd5 14. Nef3 Bxf1
15. Bxf1 Qc7 16. Nh4 bxa3 17. Bxa3 Bxa3 18. Rxa3 Rxa3 19. Qxa3 Qxc2 20. Qb4 Nc5
21. d4 exd4 22. Qxd4 Nb3 23. Qa4 Qxd2 24. Qxb3 Ng4 25. Qf3 Nf6 26. Nf5 Qb4 27.
Ne3 Rd8 28. h4 Qb3 29. Qf4 Qb6 30. Nf5 h6 31. Bg2 Qc5 32. Ne7+ Qxe7 {White
resigns} 0-1

[Event "Team 45 45 League T75"]
[Site "Internet Chess Club"]
[Date "2018.01.14"]
[Round "4"]
[White "kllrchris"]
[Black "suicidepawn"]
[Result "1/2-1/2"]
[WhiteElo "1711"]
[BlackElo "1819"]
[Opening "Caro-Kann: advance variation"]
[ECO "B12"]
[Time "20:11:46"]
[TimeControl "2700+45"]

1. e4 c6 2. d4 d5 3. e5 c5 4. dxc5 e6 5. a3 Bxc5 6. b4 Bf8 7. Nf3 Nh6 8. Bd3 g6
9. Bg5 Qb6 10. h3 Bg7 11. Nbd2 Ng8 12. c4 h6 13. Bf4 Nd7 14. Qe2 g5 15. Bg3 Ne7
16. Rc1 O-O 17. O-O {Game drawn by mutual agreement} 1/2-1/2

[Event "Team 45 45 League T75"]
[Site "Internet Chess Club"]
[Date "2018.01.11"]
[Round "4"]
[White "chess2009"]
[Black "WillC"]
[Result "0-1"]
[WhiteElo "1638"]
[BlackElo "1736"]
[Opening "Sicilian"]
[ECO "B50"]
[Time "17:32:19"]
[TimeControl "2700+45"]

1. e4 c5 2. Nf3 d6 3. Nc3 Nc6 4. Bc4 Nf6 5. O-O g6 6. d3 Bg7 7. Bg5 O-O 8. Qd2
Bg4 9. Ne1 Nd4 10. h3 Bd7 11. f4 a6 12. Nf3 b5 13. Bd5 b4 14. Bxf6 bxc3 15. bxc3
Nxf3+ 16. Rxf3 Bxf6 17. Bxa8 Qxa8 18. Re1 Bc6 19. Rg3 Bh4 20. Rg4 Bxe1 21. Qe3
Bxc3 22. f5 Bd4 23. Qxd4 cxd4 {White resigns} 0-1

[Event "Team 45 45 League T75"]
[Site "Internet Chess Club"]
[Date "2018.01.14"]
[Round "4"]
[White "Mitochondria"]
[Black "ILRE"]
[Result "0-1"]
[WhiteElo "1529"]
[BlackElo "1613"]
[Opening "QGD Slav: 4.Nc3"]
[ECO "D15"]
[Time "18:00:43"]
[TimeControl "2700+45"]

1. d4 d5 2. c4 c6 3. Nf3 Nf6 4. Nc3 a6 5. Bg5 Nbd7 6. e3 e6 7. Bd3 Be7 8. O-O h6
9. Bh4 b5 10. cxd5 exd5 11. Qc2 O-O 12. e4 dxe4 13. Nxe4 Bb7 14. Rfe1 Re8 15.
Rad1 Rc8 16. Nc5 Qc7 17. Nd2 Nxc5 18. dxc5 Qf4 19. Bg3 Qb4 20. a3 Qxc5 21. Qxc5
Bxc5 22. b4 Rxe1+ 23. Rxe1 Bf8 24. Ne4 Rd8 25. Nxf6+ gxf6 26. Rd1 Kg7 27. Kf1 c5
28. bxc5 Bxc5 29. f3 Bxa3 30. Be2 Rxd1+ 31. Bxd1 Bd5 32. Ke2 Bc5 33. Bc7 f5 34.
Bc2 Be6 35. h3 h5 36. Bd8 f6 37. Kd1 Kg6 38. Ke1 h4 39. Ke2 Kg5 40. f4+ Kg6 41.
Bc7 Bd5 42. Kf1 Bd4 43. Bd8 Bc3 44. Bd3 Bc6 45. Be2 a5 46. Bf3 Bxf3 47. gxf3 a4
48. Be7 b4 49. Ke2 a3 {White resigns} 0-1

[Event "Team 45 45 League T75"]
[Site "Internet Chess Club"]
[Date "2018.01.14"]
[Round "4"]
[White "krysto"]
[Black "Ksadury"]
[Result "1-0"]
[WhiteElo "1574"]
[BlackElo "1472"]
[Opening "QGD: 4.Bg5"]
[ECO "D50"]
[Time "11:01:00"]
[TimeControl "2700+45"]

1. d4 Nf6 2. c4 e6 3. Nc3 d5 4. Bg5 c6 5. e3 Be7 6. Nf3 O-O 7. Bd3 h6 8. Bh4
Nbd7 9. O-O b6 10. cxd5 cxd5 11. Rc1 Bb7 12. Qe2 a6 13. Rc2 Ne4 14. Bxe7 Qxe7
15. Rfc1 b5 16. Nd2 f5 17. a3 Rac8 18. Na2 Rxc2 19. Rxc2 Rc8 20. Nb3 Qd8 21. f3
Nd6 22. Nc5 Nxc5 23. Rxc5 Rxc5 24. dxc5 Nc4 25. Nc1 Qc7 26. Nb3 a5 27. Nd4 Qd7
28. b3 Ne5 29. Bxb5 Nc6 30. Qe1 e5 31. Nxc6 Bxc6 32. Bxc6 Qxc6 33. Qxa5 d4 34.
Qd8+ Kh7 35. exd4 e4 36. Qd6 Qb5 37. fxe4 Qe2 38. h3 Qxe4 39. Qe5 Qb1+ 40. Kh2
Qxb3 41. Qxf5+ Kh8 42. c6 Qb8+ 43. Qe5 Qb6 44. c7 {Black resigns} 1-0

[Event "Team 45 45 League T75"]
[Site "Internet Chess Club"]
[Date "2018.01.20"]
[Round "4"]
[White "Littlemon"]
[Black "scostanzo212"]
[Result "1-0"]
[WhiteElo "1580"]
[BlackElo "1461"]
[Opening "QGD Slav defense: exchange variation"]
[ECO "D10"]
[Time "19:02:19"]
[TimeControl "2700+45"]

1. d4 d5 2. c4 c6 3. cxd5 cxd5 4. Bf4 Nf6 5. e3 e6 6. Nc3 a6 7. Bd3 Bd6 8. Bxd6
Qxd6 9. f4 O-O 10. Nf3 b5 11. a3 Nbd7 12. O-O Nb6 13. Ne5 Nc4 14. Nxc4 dxc4 15.
Be2 Bb7 16. Bf3 Qc7 17. Bxb7 Qxb7 18. Qf3 Qxf3 19. Rxf3 Rfd8 20. Rd1 Rd7 21. Rf2
Rad8 22. Rfd2 Nd5 23. Kf2 Rb8 24. g3 a5 25. e4 Ne7 26. d5 exd5 27. Nxd5 Nxd5 28.
Rxd5 Rxd5 29. exd5 Kf8 30. d6 Ke8 31. d7+ Kd8 32. Ke3 Rb7 33. Ke4 Rxd7 34. Rxd7+
Kxd7 35. Kd5 b4 36. axb4 c3 37. bxc3 a4 38. Kc4 Kc6 39. b5+ Kb6 40. Kb4 a3 41.
Kxa3 Kxb5 42. Kb3 Kc5 43. c4 Kc6 44. Kb4 f5 45. c5 h6 46. Kc4 g5 47. Kd4 gxf4
48. gxf4 h5 49. h4 {Black resigns} 1-0

[Event "Team 45 45 League T75"]
[Site "Internet Chess Club"]
[Date "2018.01.14"]
[Round "4"]
[White "Arthurhon"]
[Black "lovely-14"]
[Result "0-1"]
[WhiteElo "1424"]
[BlackElo "1547"]
[Opening "King's Indian, 3.Nf3"]
[ECO "E60"]
[Time "19:00:53"]
[TimeControl "2700+45"]

1. d4 Nf6 2. Nf3 g6 3. c4 Bg7 4. e3 O-O 5. Bd3 d6 6. Nbd2 Nbd7 7. Qc2 e5 8. dxe5
dxe5 9. O-O Re8 10. Re1 a5 11. Rb1 Nc5 12. Be2 Bf5 13. e4 Nfxe4 14. Qd1 Nxd2 15.
Bxd2 Bxb1 16. Qxb1 e4 17. Be3 exf3 18. Bxf3 Qe7 19. Rd1 Rab8 20. b3 Ne4 21. Bxe4
Qxe4 22. Qxe4 Rxe4 23. Bd2 Rd8 24. Rf1 Rxd2 {White resigns} 0-1

[Event "Team 45 45 League T75"]
[Site "Internet Chess Club"]
[Date "2018.01.13"]
[Round "4"]
[White "isaacdp"]
[Black "Pawnchain"]
[Result "1-0"]
[WhiteElo "1489"]
[BlackElo "1376"]
[Opening "Benkö gambit accepted"]
[ECO "A58"]
[Time "16:00:56"]
[TimeControl "2700+45"]

1. d4 Nf6 2. c4 c5 3. d5 b5 4. cxb5 a6 5. bxa6 g6 6. Nc3 Bxa6 7. Nf3 Bg7 8. g3
d6 9. Bg2 O-O 10. O-O Nbd7 11. Re1 Nb6 12. e4 Ng4 13. h3 Ne5 14. Nxe5 Bxe5 15.
f4 Bd4+ 16. Be3 Bxe3+ 17. Rxe3 Nc4 18. Re2 Qb6 19. Qc1 Na5 20. Re1 c4+ 21. Kh2
Rfb8 22. Rb1 Nb7 23. Qe3 Qxe3 24. Rxe3 Nc5 25. Bf1 Rb7 26. Re2 Rab8 27. Rd2 Rb6
28. Kg2 Kg7 29. Kf2 Rb4 30. Ke1 Kf8 31. Kd1 Kg7 32. Kc2 h6 33. a3 Rb3 34. g4 g5
35. f5 f6 36. Rd4 Nd3 37. Bxd3 cxd3+ 38. Kc1 Rc8 39. Rb4 Rxb4 40. axb4 Rc4 41.
Ra1 Rxe4 42. Rxa6 d2+ 43. Kxd2 h5 44. Nxe4 h4 45. Nxd6 Kh6 46. b5 Kg7 47. b6 Kh6
48. b7 Kg7 49. b8=Q Kh7 50. Qe8 Kh6 51. Qg6# {Black checkmated} 1-0

[Event "Team 45 45 League T75"]
[Site "Internet Chess Club"]
[Date "2018.01.12"]
[Round "4"]
[White "jjmolina"]
[Black "fishhead"]
[Result "1-0"]
[WhiteElo "1741"]
[BlackElo "1624"]
[Opening "Sicilian: Najdorf, Byrne (English) attack"]
[ECO "B90"]
[Time "12:10:36"]
[TimeControl "2700+45"]

1. e4 c5 2. Nf3 d6 3. d4 cxd4 4. Nxd4 Nf6 5. Nc3 a6 6. Be3 e5 7. Nb3 Be7 8. f3
Be6 9. Qd2 Nbd7 10. g4 Nb6 11. O-O-O Rc8 12. h4 Nc4 13. Bxc4 Rxc4 14. h5 b5 15.
g5 Nd7 16. g6 h6 17. gxf7+ Kxf7 18. Rhg1 Nf6 19. Qg2 Rg8 20. Qg6+ Kf8 21. Rd2
Bf7 22. Qg2 b4 23. Na4 Nxh5 24. Qh2 Nf4 25. Bxf4 exf4 26. Kb1 Bg5 27. Rgd1 d5
28. Nac5 Qd6 29. Rxd5 Bxd5 30. Rxd5 Qg6 31. Nd7+ Ke7 32. Ne5 Qe6 33. Nxc4 {Black
resigns} 1-0

[Event "Team 45 45 League T75"]
[Site "Internet Chess Club"]
[Date "2018.01.19"]
[Round "4"]
[White "zap2"]
[Black "limeinthecoke"]
[Result "1/2-1/2"]
[WhiteElo "1712"]
[BlackElo "1601"]
[Opening "Benko's opening"]
[ECO "A00"]
[Time "14:01:21"]
[TimeControl "2700+45"]

1. g3 e6 2. Bg2 f5 3. e3 Nf6 4. c4 Be7 5. Nc3 O-O 6. Nge2 c6 7. Rb1 d5 8. cxd5
cxd5 9. O-O Bd7 10. b4 b5 11. Qb3 Nc6 12. a3 a6 13. d3 Rc8 14. Bb2 Be8 15. Rbc1
Qd6 16. Rfe1 {Game drawn by mutual agreement} 1/2-1/2

[Event "Team 45 45 League T75"]
[Site "Internet Chess Club"]
[Date "2018.01.14"]
[Round "4"]
[White "ivanson"]
[Black "LinceHispano44"]
[Result "1-0"]
[WhiteElo "1758"]
[BlackElo "1717"]
[Opening "French: Rubinstein variation"]
[ECO "C03"]
[Time "15:00:32"]
[TimeControl "2700+45"]

1. e4 e6 2. d4 d5 3. Nd2 dxe4 4. Nxe4 Nd7 5. Nf3 Be7 6. Bd3 Ngf6 7. Qe2 c5 8.
Nxf6+ Bxf6 9. d5 Nb6 10. Bb5+ Kf8 11. dxe6 Bxe6 12. O-O c4 13. Be3 Qd5 14. Bxb6
axb6 15. a4 Bxb2 16. Rad1 Qc5 17. Qd2 Bf6 18. Rfe1 Rd8 19. Qxd8+ Bxd8 20. Rxd8+
Ke7 21. Rxh8 g5 22. Ne5 Qd4 23. Nxc4 Qxh8 24. Nxb6 Qd4 25. Nc4 Qc3 26. Kf1 Qxc2
27. Ne3 Qc5 28. h3 f5 29. Nd1 Kf6 30. Nb2 Qd6 31. Kg1 f4 32. Nd3 f3 33. g4 Qd4
34. Ne5 Bd5 35. Nd7+ Kf7 36. Ne5+ Kg7 37. Kf1 h5 38. Kg1 hxg4 39. Nxg4 Kg6 40.
Be8+ Kg7 41. Bb5 b6 42. Re7+ Kf8 43. Re8+ Kf7 44. Ne5+ Kg7 45. Ng4 Bc4 46. Re7+
Kg6 47. Bxc4 Qa1+ 48. Kh2 Qxa4 49. Bd3+ {Black resigns} 1-0

[Event "Team 45 45 League T75"]
[Site "Internet Chess Club"]
[Date "2018.01.15"]
[Round "4"]
[White "Goli"]
[Black "idjit"]
[Result "1-0"]
[WhiteElo "1694"]
[BlackElo "1603"]
[Opening "French: exchange variation"]
[ECO "C01"]
[Time "13:00:53"]
[TimeControl "2700+45"]

1. e4 e6 2. d4 d5 3. exd5 exd5 4. Bd3 Nf6 5. Ne2 Be7 6. Nbc3 O-O 7. Bg5 Nc6 8.
a3 Ne4 9. Bxe7 Nxc3 10. Bxd8 Nxd1 11. Rxd1 Rxd8 12. h3 Re8 13. Kd2 Bd7 14. Nf4
Nxd4 15. Nxd5 Rac8 16. Kc1 Bf5 17. Bxf5 Nxf5 18. Rd2 c6 19. Nc3 Rcd8 20. Rhd1
Rxd2 21. Rxd2 Kf8 22. Rd7 Re7 23. Rd8+ Re8 24. Rxe8+ Kxe8 25. Ne4 f6 26. g4 Nd4
27. Nd6+ Kd7 28. Nxb7 g5 29. Kd2 Nf3+ 30. Ke3 Ng1 31. h4 gxh4 32. f4 h3 33. Kf2
h2 34. Kg2 Nf3 35. Nc5+ Ke7 36. c3 h6 37. Nd3 f5 38. Nf2 Kf6 39. Kxf3 {Black
resigns} 1-0

[Event "Team 45 45 League T75"]
[Site "Internet Chess Club"]
[Date "2018.01.14"]
[Round "4"]
[White "PolishRyszard"]
[Black "alegro"]
[Result "1/2-1/2"]
[WhiteElo "1806"]
[BlackElo "1918"]
[Opening "King's Indian: 4.e4"]
[ECO "E70"]
[Time "16:00:34"]
[TimeControl "2700+45"]

1. d4 Nf6 2. c4 g6 3. Nc3 Bg7 4. e4 O-O 5. Nf3 c5 6. d5 d6 7. Be2 e6 8. O-O Re8
9. Qc2 Na6 10. a3 Nc7 11. Re1 a6 12. Bg5 exd5 13. exd5 Bf5 14. Bd3 Bxd3 15. Qxd3
Qd7 16. a4 Ng4 17. Bf4 Rab8 18. h3 Nf6 19. Rxe8+ Rxe8 20. Re1 Rxe1+ 21. Nxe1 Qe7
22. Nf3 Nd7 23. Bg5 f6 24. Bf4 Ne8 25. Kf1 Kf7 26. Qe3 Qxe3 27. Bxe3 h6 28. Ke2
f5 29. Kd2 g5 30. g3 Ne5 31. Nxe5+ Bxe5 32. f4 gxf4 33. Bxf4 Bxf4+ 34. gxf4 Kg6
35. Ke2 Kh5 36. Kf3 Kh4 37. Kg2 Nf6 38. Kh2 b6 39. Kg2 Kh5 40. Kf3 Kh4 41. Kg2
{Game drawn by mutual agreement} 1/2-1/2

[Event "Team 45 45 League T75"]
[Site "Internet Chess Club"]
[Date "2018.01.14"]
[Round "4"]
[White "cpic2363"]
[Black "Portola"]
[Result "0-1"]
[WhiteElo "1573"]
[BlackElo "1695"]
[Opening "French: Tarrasch"]
[ECO "C03"]
[Time "19:01:41"]
[TimeControl "2700+45"]

1. e4 e6 2. d4 d5 3. Nd2 dxe4 4. Nxe4 Be7 5. Bd3 Nd7 6. Nf3 Ngf6 7. Qe2 O-O 8.
Bd2 c5 9. O-O cxd4 10. Nxd4 Nxe4 11. Qxe4 Nf6 12. Qh4 g6 13. Nb3 Bd7 14. Rad1
Nd5 15. Qg3 Bc6 16. Nd4 Rc8 17. Nxc6 Rxc6 18. Rfe1 Qb6 19. Be4 Rd6 20. Bxd5 Rxd5
21. Bc3 Rfd8 22. Rxd5 Rxd5 23. Qf3 Rf5 24. Qg3 Bd6 25. Re5 Bxe5 26. Bxe5 Qd8 27.
h3 Qd1+ 28. Kh2 Qd2 29. Bc3 Qf4 30. Kg1 Qxg3 31. fxg3 Rd5 32. Kf2 Rd1 33. Ke2
Rc1 34. Bf6 Rxc2+ 35. Kf3 a5 36. a3 a4 37. g4 Rc4 38. g3 Kf8 39. h4 Ke8 40. g5
Kd7 41. g4 Kc6 42. Be7 Kd5 43. Bf6 b5 44. Bc3 Rxc3+ 45. bxc3 Kc4 46. Ke4 Kxc3
47. Ke5 Kb3 48. Kf6 Kxa3 49. Kxf7 Kb3 50. h5 a3 51. hxg6 hxg6 52. Kxg6 a2 53.
Kf7 a1=Q 54. g6 Qa7+ 55. Kxe6 Qg7 {White resigns} 0-1

[Event "Team 45 45 League T75"]
[Site "Internet Chess Club"]
[Date "2018.01.14"]
[Round "4"]
[White "kabindra"]
[Black "Konstantinos"]
[Result "1-0"]
[WhiteElo "1763"]
[BlackElo "1647"]
[Opening "Sicilian: closed, 2...Nc6"]
[ECO "B23"]
[Time "14:07:02"]
[TimeControl "2700+45"]

1. e4 c5 2. Nc3 Nc6 3. Bb5 a6 4. Bxc6 bxc6 5. f4 d6 6. Nf3 Nf6 7. O-O e6 8. Qe1
Be7 9. e5 Nd5 10. exd6 Qxd6 11. Ne4 Qd8 12. Ne5 Bb7 13. c4 Nf6 14. d3 Nxe4 15.
Qxe4 Qd4+ 16. Be3 Qxe4 17. dxe4 O-O 18. Nd7 Rfd8 19. Nxc5 Bxc5 20. Bxc5 Rd3 21.
e5 Rad8 22. Bd6 a5 23. b3 Rd2 24. Rf2 Rxf2 25. Kxf2 h6 26. c5 Ba6 27. Ke3 Rd7
28. g4 Rb7 29. Rb1 a4 30. b4 Bb5 31. a3 Rd7 32. Rb2 Rb7 33. Rf2 Rd7 34. f5 Rd8
35. h4 Re8 36. Kd4 Rd8 37. h5 Re8 38. f6 Rd8 39. Ke3 Re8 40. fxg7 Kxg7 41. Rf6
Rh8 42. Kf4 Rh7 43. Kg3 Rh8 44. Kh4 Rh7 45. g5 hxg5+ 46. Kxg5 Kg8 47. h6 Ba6 48.
Be7 Bc4 49. Rf2 Bd5 50. Bf6 Kf8 51. Rb2 Ke8 52. b5 cxb5 53. Rxb5 Kd7 54. Rb6 Kc7
55. Ra6 Bb3 56. Bg7 Bc2 57. Kf6 Bg6 58. Rxa4 Kc6 59. Ra5 Bh5 60. a4 Bg6 61. Rb5
Bh5 62. Kg5 Bg6 63. Kf6 Bh5 64. Rb8 Kxc5 65. a5 Kc6 66. a6 Kc7 67. a7 {Black
resigns} 1-0

[Event "Team 45 45 League T75"]
[Site "Internet Chess Club"]
[Date "2018.01.15"]
[Round "4"]
[White "rubo"]
[Black "kutch"]
[Result "1-0"]
[WhiteElo "1565"]
[BlackElo "1577"]
[Opening "Queen's pawn game"]
[ECO "A46"]
[Time "20:02:56"]
[TimeControl "2700+45"]

1. d4 Nf6 2. Nf3 e6 3. Bf4 b6 4. e3 c5 5. Nbd2 Bb7 6. Bd3 Be7 7. Qe2 d6 8. c3
Nbd7 9. e4 O-O 10. O-O Re8 11. e5 dxe5 12. dxe5 Nd5 13. Bg3 Rc8 14. Rad1 Nf8 15.
a3 Ng6 16. Bb1 Qc7 17. Ne4 Ngf4 18. Qc2 Ng6 19. c4 Ndf4 20. Bxf4 Bxe4 21. Qxe4
f5 22. exf6 Qxf4 23. Qxe6+ Kf8 24. fxe7+ Nxe7 25. Ne5 Qf7 {Black resigns} 1-0

[Event "Team 45 45 League T75"]
[Site "Internet Chess Club"]
[Date "2018.01.13"]
[Round "4"]
[White "Electryon"]
[Black "zethhon"]
[Result "1-0"]
[WhiteElo "1486"]
[BlackElo "1386"]
[Opening "Queen's pawn, Mason variation"]
[ECO "D00"]
[Time "20:00:44"]
[TimeControl "2700+45"]

1. d4 d5 2. Bf4 e6 3. Nf3 Nf6 4. e3 Be7 5. Nbd2 O-O 6. Bd3 b6 7. e4 Bb7 8. e5
Ne4 9. Qe2 Nxd2 10. Bxd2 c5 11. h4 c4 12. Bxh7+ Kxh7 13. Ng5+ Kg8 14. Qh5 Bxg5
15. hxg5 g6 16. Qh7# {Black checkmated} 1-0

[Event "Team 45 45 League T75"]
[Site "Internet Chess Club"]
[Date "2018.01.13"]
[Round "4"]
[White "g8wrb"]
[Black "sdcohle"]
[Result "1-0"]
[WhiteElo "1378"]
[BlackElo "1403"]
[Opening "Queen's Pawn"]
[ECO "B07"]
[Time "14:01:49"]
[TimeControl "2700+45"]

1. d4 d6 2. e4 c6 3. Nf3 Bg4 4. g3 Nf6 5. Nc3 Qc7 6. Bg2 e5 7. Be3 Be7 8. O-O
Nbd7 9. Qd3 Bxf3 10. Bxf3 exd4 11. Bxd4 Ne5 12. Bxe5 dxe5 13. Rad1 Rd8 14. Qc4
O-O 15. a3 Rd7 16. Rxd7 Qxd7 17. Rd1 Qc7 18. Nd5 Nxd5 19. exd5 Rd8 20. dxc6
Rxd1+ 21. Bxd1 bxc6 22. Bf3 c5 23. Bd5 Bf6 24. Qb5 g6 25. c3 Kg7 26. Qc4 Qe7 27.
b4 cxb4 28. axb4 Qd7 29. Qc6 Qxc6 30. Bxc6 Be7 31. Kf1 f6 32. Ke2 Kf7 33. b5 Bc5
34. c4 g5 35. g4 Ke7 36. f3 h6 37. h3 Kd6 38. Bd5 Kc7 39. Kd3 Kb6 40. Ke4 Kc7
41. Kf5 Be7 42. Kg6 Kd6 43. Kxh6 Bf8+ 44. Kg6 Ke7 45. Bf7 Bh6 46. c5 Bf8 47. c6
Kd6 48. Kxf6 Be7+ 49. Kf5 Kc5 50. c7 {Black resigns} 1-0

[Event "Team 45 45 League T75"]
[Site "Internet Chess Club"]
[Date "2018.01.13"]
[Round "4"]
[White "Aquaman"]
[Black "SeniorCitizen"]
[Result "0-1"]
[WhiteElo "1231"]
[BlackElo "1315"]
[Opening "Blackmar gambit"]
[ECO "D00"]
[Time "15:30:42"]
[TimeControl "2700+45"]

1. d4 d5 2. e4 dxe4 3. Nc3 Bf5 4. f3 exf3 5. Nxf3 Nc6 6. Be3 Nb4 7. Rc1 h6 8. a3
Nd5 9. Nxd5 Qxd5 10. c4 Qd8 11. d5 Nf6 12. Be2 e6 13. Qa4+ Nd7 14. dxe6 Bxe6 15.
O-O c6 16. Rcd1 Qc7 17. Nd4 Nc5 18. Qc2 Bd6 19. g3 Bxg3 20. hxg3 Qxg3+ 21. Kh1
Qh3+ 22. Kg1 Qxe3+ 23. Rf2 Ne4 24. Rf1 Bh3 25. Bd3 Bxf1 26. Bxe4 Bh3 27. Nf3 Bg4
28. Kh2 O-O 29. Ng1 Qd4 30. Rf4 Qe5 31. Qf2 f5 32. Bc2 g5 33. Kg2 Qxf4 34. Qc5
{White resigns} 0-1